 Dungeon Crawl Stone Soup version 0.30-a0-374-g95c0257040 (webtiles) character file.

Game seed: 3603595809402263305

83 patchburns1 the Chopper (level 4, -1/41 HPs)
             Began as a Hill Orc Monk on Nov 25, 2022.
             Slain by Grinder (2 damage)
             ... on level 3 of the Dungeon.
             The game lasted 00:17:36 (1978 turns).

patchburns1 the Chopper (Hill Orc Monk)             Turns: 1978, Time: 00:17:36

Health: -1/41      AC: 11    Str: 15    XL:     4   Next: 44%
Magic:  5/5        EV:  4    Int: 10    God:
Gold:   125        SH:  5    Dex: 13    Spells: 3/3 levels left

rFire   . . .      SeeInvis .    a - +0 hand axe
rCold   . . .      Faith    .    (no shield)
rNeg    . . .      Spirit   .    r - +0 plate armour
rPois   .          Reflect  +    f - +0 helmet
rElec   .          Harm     .    (no cloak)
rCorr   .          Rampage  .    (no gloves)
Will    .....                    (no boots)
Stlth   ..........               w - amulet of reflection
HPRegen 0.26/turn                (no ring)
MPRegen 0.09/turn                (no ring)

@: no status effects
A: no striking features
a: no special abilities


You were on level 3 of the Dungeon.
You visited 1 branch of the dungeon, and saw 3 of its levels.

You collected 125 gold pieces.

Inventory:

Hand Weapons
 a - a +0 hand axe (weapon)
 v - a +1 short sword of venom
Missiles
 d - 20 stones (quivered)
 h - 5 javelins
 n - 6 atropa-tipped darts
Armour
 f - a +0 helmet (worn)
 r - a +0 plate armour (worn)
Jewellery
 w - an amulet of reflection (around neck)
Scrolls
 b - a scroll of magic mapping {unknown}
 e - a scroll of fear {unknown}
 g - a scroll of vulnerability {unknown}
 p - a scroll of torment {unknown}
 q - 3 scrolls of silence {unknown}
 s - 2 scrolls of enchant weapon {unknown}
 t - a scroll of enchant armour {unknown}
 u - a scroll of amnesia {unknown}
Potions
 c - a potion of ambrosia
 i - 2 potions of heal wounds
 j - 2 potions of curing
 l - 2 potions of flight
 m - 2 potions of brilliance {unknown}


   Skills:
 * Level 4.3 Fighting
 + Level 4.3 Axes
 + Level 1.1 Armour
 + Level 2.6 Dodging
 + Level 2.0 Stealth
 + Level 1.0 Shields
 * Level 1.8 Invocations
 + Level 0.8 Evocations


You had 3 spell levels left.
You didn't know any spells.
Your spell library contained the following spells:

 Spells                   Type           Power      Damage    Failure   Level
 Blink                    Tloc           0%         N/A       100%        2
 Momentum Strike          Conj/Tloc      0%         3d8       100%        2
 Lesser Beckoning         Tloc           0%         N/A       100%        3


Dungeon Overview and Level Annotations

Branches:
Dungeon (3/15)

Altars:

Annotations:
D:3 Grinder


Message History

Grinder hits you.
You writhe in agony.
Grinder attacks as you move away! Grinder hits you.
You writhe in agony.
A goblin comes into view. It is wielding a +0 dagger.
The goblin shouts!
The goblin shouts!
You hit Grinder.
Grinder is moderately wounded.
You block Grinder's attack.
You hit Grinder.
Grinder is moderately wounded.
Grinder hits you.
* * * LOW HITPOINT WARNING * * *
You writhe in agony.
* * * LOW HITPOINT WARNING * * *
You closely miss Grinder.
Grinder is moderately wounded.
Grinder says, "Don't move a muscle."
Grinder hits you but does no damage.
You hit Grinder.
Grinder is moderately wounded.
Grinder gestures at you. Pain shoots through your body!
* * * LOW HITPOINT WARNING * * *
You hit Grinder.
Grinder is heavily wounded.
You barely miss the goblin. The goblin barely misses you. Grinder hits you.
* * * LOW HITPOINT WARNING * * *
You closely miss Grinder.
Grinder is heavily wounded.
You hit the goblin. You block the goblin's attack. You block Grinder's attack.
You barely miss Grinder.
Grinder is heavily wounded.
You barely miss the goblin.
A goblin comes into view. It is wielding a +0 sling.
The goblin hits you with a +0 dagger.
* * * LOW HITPOINT WARNING * * *
Grinder hits you.
* * * LOW HITPOINT WARNING * * *
You writhe in agony.
You die...

........# ........# ........#
##. ..<.....# #.. ........+ #.#
### ........# #.# #<# .....####
#.# #.# .
.#.#.######.#########)####....
..............gg@5....รท.......
##.#+######.#########.g#......
#.......# #.# #..# #....
+.......# #g# #...# ###
#.......###g####### ###...
........#.gg....... ##..
#.......#....###... #..
+.........g5.# ..
#............#


You could see Grinder and 3 goblins.

Vanquished Creatures
  Robin (D:3)
  4 adders
  4 endoplasms
  A giant cockroach (D:1)
  5 goblins (D:2)
  3 hobgoblins
  2 jackals (D:1)
  2 quokkas
  2 ball pythons (D:1)
  2 bats
  A frilled lizard (D:2)
  5 kobolds (D:1)
  3 rats (D:2)
35 creatures vanquished.

Notes
Turn   | Place    | Note
-------+----------+-------------------------------------------
     0 | D:1      | patchburns1 the Hill Orc Monk began the quest for the Orb.
     0 | D:1      | Reached XP level 1. HP: 19/19 MP: 1/1
   340 | D:1      | Reached skill level 1 in Invocations
   340 | D:1      | Reached XP level 2. HP: 16/27 MP: 2/2
   730 | D:1      | Reached XP level 3. HP: 33/33 MP: 3/3
   782 | D:2      | Found a faded altar of an unknown god.
  1583 | D:2      | Reached skill level 1 in Armour
  1583 | D:2      | Reached skill level 1 in Shields
  1583 | D:2      | Reached XP level 4. HP: 34/40 MP: 5/5
  1893 | D:3      | Noticed Robin
  1894 | D:3      | Noticed Grinder
  1960 | D:3      | Killed Robin
  1978 | D:3      | HP: 1/41 [Grinder (4)]
  1978 | D:3      | Slain by Grinder

Illustrated notes

Levels and vault maps discovered:
D:1:      wheals_arrival_shading, layout_basic
D:2:      layout_basic, shapermc_ecumenical_altar_venn
D:3:      layout_basic, serial_curves, eino_curves_01, eino_curves_03,
          kennysheep_generic_room_9, uniq_grinder, uniq_robin

Skill      XL: |  1  2  3  4 |
---------------+-------------+-----
Invocations    | 1 |  1.8
Fighting       | 4 |  4.3
Armour         | 1 |  1.1
Shields        | 1 |  1.0
Stealth        | 2 |  2.0
Axes           | |  4.3
Dodging        | |  2.6
Evocations     | |  0.8

Action                   |  1- 3 |  4- 6 || total
-------------------------+-------+-------++-------
Melee: Hand axe          |   119 |    35 ||   154
       Punch             |     2 |       ||     2
Throw: Stone             |     1 |     3 ||     4
  Use: Scroll            |       |     3 ||     3
 Stab: Sleeping          |     1 |       ||     1
Armor: Scale mail        |    43 |       ||    43
       Robe              |     2 |       ||     2
       Plate armour      |       |    26 ||    26
Dodge: Dodged            |    68 |    10 ||    78
Block: Other             |     5 |     8 ||    13

Table legend: (Time is in decaauts)
 A = Elapsed time spent in this place.
 B = Non-inter-level travel time spent in this place.
 C = Inter-level travel time spent in this place.
 D = Time resting spent in this place.
 E = Time spent auto-exploring this place.
 F = Levels seen in this place.
 G = Mean time per level.
                   A        B        C        D        E       F      G
               +--------+--------+--------+--------+--------+-----+--------+
         Total |   1998 |   1078 |    920 |      0 |    312 |   3 |  666.0 |
       Dungeon |   1998 |   1078 |    920 |      0 |    312 |   3 |  666.0 |
               +--------+--------+--------+--------+--------+-----+--------+

Top non-repeatable levels by time:
     D:1: 1162 daAuts
     D:2: 685 daAuts
     D:3: 150 daAuts
